 Dungeon Crawl Stone Soup version 0.28.0 (webtiles) character file.

Game seed: 3841877713322160684

3115 inmateoo the Martial Artist (level 9, -15/80 (81) HPs)
             Began as a Gnoll Transmuter on Feb 9, 2022.
             Was an Initiate of Gozag.
             Engulfed by a cloud of flame (28 damage)
             ... on level 7 of the Dungeon.
             The game lasted 00:12:29 (7339 turns).

inmateoo the Martial Artist (Gnoll Transmuter)      Turns: 7339, Time: 00:12:30

HP:   -15/80 (81)   AC:  7    Str: 10    XL:     9   Next: 91%
MP:   8/28          EV: 12    Int: 17    God:    Gozag
Gold: 929           SH:  0    Dex: 12    Spells: 5/21 levels left

rFire   x . .      SeeInvis .     - Unarmed
rCold   + + +      Faith    .   (shield currently unavailable)
rNeg    . . .      Spirit   .   (armour currently unavailable)
rPois   +          Reflect  .   (helmet currently unavailable)
rElec   .          Harm     .   (cloak currently unavailable)
rCorr   .          Rampage  .   (gloves currently unavailable)
Will    .....                   (boots currently unavailable)
Stlth   +++.......              (no amulet)
HPRegen 0.23/turn               l - ring of magical power
MPRegen 0.21/turn               (no ring)

@: ice-form, marked, wereblooded, gold aura, lightly drained
A: freezing attack, amphibious, boosted hp, large, (fangs 1), strong nose,
distributed training
a: End Transformation, Renounce Religion, Potion Petition, Call Merchant, Bribe
Branch


You were on level 7 of the Dungeon.
You worshipped Gozag.
Gozag was pleased with you.
You were a creature of crystalline ice.
You visited 2 branches of the dungeon, and saw 8 of its levels.
You also visited: Sewer.

You collected 994 gold pieces.
You paid 65 gold pieces to Gozag.

Inventory:

Missiles
 b - 2 throwing nets
 c - 7 javelins
 t - 8 silver javelins (quivered)
Armour
 a - a +0 robe (melded)
 h - a +1 pair of gloves (melded)
 i - a +0 cloak (melded)
 m - a +2 kite shield
Magical Staves
 k - a staff of conjuration
Jewellery
 l - a ring of magical power (left front paw)
Scrolls
 o - a scroll of enchant armour
 q - 3 scrolls of enchant weapon
 v - a scroll of teleportation
Potions
 d - 3 potions of mutation
 e - a potion of resistance
 f - a potion of ambrosia {unknown}
 g - a potion of haste {unknown}
 j - 2 potions of invisibility {unknown}
 p - a potion of magic {unknown}
 r - a potion of might {unknown}
 s - 2 potions of curing
 u - a potion of attraction {unknown}


   Skills:
 + Level 5.4 Fighting
 + Level 4.7 Short Blades
 + Level 4.7 Long Blades
 + Level 4.7 Axes
 + Level 4.7 Maces & Flails
 + Level 4.7 Polearms
 + Level 4.7 Staves
 + Level 4.7 Slings
 + Level 4.7 Bows
 + Level 4.7 Crossbows
 + Level 4.7 Throwing
 + Level 4.7 Armour
 + Level 6.6 Dodging
 + Level 4.7 Stealth
 + Level 4.7 Shields
 + Level 8.1 Unarmed Combat
 + Level 6.9 Spellcasting
 + Level 3.9 Conjurations
 + Level 3.9 Hexes
 + Level 3.9 Summonings
 + Level 3.9 Necromancy
 + Level 3.9 Translocations
 + Level 5.5 Transmutations
 + Level 3.9 Fire Magic
 + Level 3.9 Ice Magic
 + Level 3.9 Air Magic
 + Level 3.9 Earth Magic
 + Level 3.9 Poison Magic
 + Level 5.1 Invocations
 + Level 4.7 Evocations


You had 5 spell levels left.
You knew the following spells:

 Your Spells              Type           Power      Damage    Failure   Level
a - Beastly Appendage     Tmut           48%        N/A       1%          1
b - Wereblood             Tmut           24%        N/A       1%          2
c - Spider Form           Tmut/Pois      21%        N/A       4%          3
d - Ice Form              Ice/Tmut       21%        N/A       17%         4
e - Ignite Poison         Fire/Tmut/Pois 20%        N/A       5%          3
f - Mephitic Cloud        Conj/Pois/Air  19%        N/A       7%          3

Your spell library contained the following spells:

 Spells                   Type           Power      Damage    Failure   Level
 Summon Small Mammal      Summ           76%        N/A       2%          1
 Call Canine Familiar     Summ           19%        N/A       7%          3
 Summon Guardian Golem    Hex/Summ       19%        N/A       7%          3
 Freezing Cloud           Conj/Ice/Air   9%         6-21      54%         5


Dungeon Overview and Level Annotations

Branches:
Dungeon (7/15)             Temple (1/1) D:4           Sewer (visited)

Altars:
Ashenzari
Cheibriados
Dithmenos
Elyvilon
Fedhas
Gozag
Hepliaklqana
Makhleb
Nemelex Xobeh
Okawaru
Qazlal
Sif Muna
Trog
Uskayaw
Vehumet
Wu Jian
Xom
Yredelemnul
Zin
The Shining One

Annotations:
D:7 Harold


Innate Abilities, Weirdness & Mutations

You are a creature of crystalline ice.
You have a powerful freezing melee attack.
You are amphibious.
Your maximum health is increased.
Your armour is entirely melded.
You are incapable of wielding weapons or throwing items.
((You have very sharp teeth.))
Your uncanny sense of smell can sniff out nearby items.
Your experience applies equally to all skills.


Message History

Press: ? - help, Shift-Dir - straight line, f/p - wight
Aim: a wight, wielding a +3 halberd and wearing a +0 robe (moderately damaged, not susceptible)
The ball explodes into a vile cloud!
The stinking cloud engulfs the wight but does no damage.
The wight is moderately damaged.
The stinking cloud engulfs Harold but does no damage.
Harold is severely wounded.
Harold is no longer distracted by gold.
Harold shouts!
The wight hits you from afar with a +3 halberd.
You feel drained.
Harold is engulfed in blazing flames.
Unknown command.
Casting: Mephitic Cloud (dangerous; 7% risk of failure)
Confirm with . or Enter, or press ? or * to list all spells.
You ignite the poison in your surroundings!
The wight is engulfed in blazing flames.
The wight is distracted by your dazzling golden aura.
The wight is engulfed in blazing flames.
You destroy the wight!
You aren't carrying any items that you can evoke.
Unknown command.
Harold points at you and mumbles some strange words.
A sentinel's mark forms upon you. Harold fires a harpoon shot at you.
The harpoon shot hits you!
You are yanked forward by the harpoon shot.
You hit Harold but do no damage.
Harold is almost dead.
You are engulfed in blazing flames.
* * * LOW HITPOINT WARNING * * *
The ufetubus barely misses you. The ufetubus hits you.
* * * LOW HITPOINT WARNING * * *
The ufetubus barely misses you. The ufetubus hits you.
* * * LOW HITPOINT WARNING * * *
Harold points at you and mumbles some strange words.
The mark upon you grows brighter.
Unknown command.
You are engulfed in blazing flames.
You die...
Your body crumbles into a pile of gold.

.#...
....## $
....# .
... ∆ ∆ $
### #<#
#Y# ∆ #°#
.......@5#
.......$.#
.........#
.$.......#
...$.....#
#.?......#
#........#


You could see Harold and an ufetubus.

Vanquished Creatures
  Menkaure (D:4)
  Edmund (D:4)
  Duvessa (D:4)
  A water moccasin (D:6)
  An ice beast (D:6)
  Pargi (Sewer)
  An orc warrior (D:6)
  A centaur (D:7)
  5 ogres
  A necrophage (D:6)
  3 phantoms
  A gnoll sergeant (D:6)
  A water moccasin zombie (D:5)
  2 scorpions
  9 wights
  9 hounds
  2 gnoll shamans (D:6)
  3 orc priests
  2 iguanas
  An orc wizard (D:6)
  A howler monkey zombie (D:7)
  25 gnolls
  8 adders
  A river rat (D:5)
  A shadow imp (D:5)
  A white imp (D:7)
  An ufetubus (D:5)
  4 worms
  A dart slug (D:1)
  20 orcs
  6 ball pythons
  13 bats
  An endoplasm (D:1)
  2 giant cockroaches
  5 goblins
  9 hobgoblins
  4 jackals (D:1)
  7 kobolds
  3 quokkas
  4 frilled lizards
  8 rats
172 creatures vanquished.

Notes
Turn   | Place    | Note
-------+----------+-------------------------------------------
     0 | D:1      | inmateoo the Gnoll Transmuter began the quest for the Orb.
     0 | D:1      | Reached XP level 1. HP: 17/17 MP: 6/6
   256 | D:1      | Reached XP level 2. HP: 4/23 MP: 7/7
   651 | D:1      | Learned a level 2 spell: Wereblood
   676 | D:1      | Reached XP level 3. HP: 24/28 MP: 6/9
   681 | D:1      | Reached skill level 5 in Spellcasting
   859 | D:1      | Reached skill level 1 in Invocations
  1182 | D:2      | Reached skill level 1 in Short Blades
  1182 | D:2      | Reached skill level 1 in Long Blades
  1182 | D:2      | Reached skill level 1 in Axes
  1182 | D:2      | Reached skill level 1 in Maces & Flails
  1182 | D:2      | Reached skill level 1 in Polearms
  1182 | D:2      | Reached skill level 1 in Staves
  1182 | D:2      | Reached skill level 1 in Slings
  1182 | D:2      | Reached skill level 1 in Bows
  1182 | D:2      | Reached skill level 1 in Crossbows
  1182 | D:2      | Reached skill level 1 in Throwing
  1182 | D:2      | Reached skill level 1 in Armour
  1182 | D:2      | Reached skill level 1 in Stealth
  1182 | D:2      | Reached skill level 1 in Shields
  1182 | D:2      | Reached skill level 1 in Evocations
  1405 | D:2      | Reached XP level 4. HP: 34/34 MP: 7/11
  1412 | D:2      | Found a shadowy altar of Dithmenos.
  1911 | D:3      | Reached skill level 1 in Conjurations
  1911 | D:3      | Reached skill level 1 in Hexes
  1911 | D:3      | Reached skill level 1 in Summonings
  1911 | D:3      | Reached skill level 1 in Necromancy
  1911 | D:3      | Reached skill level 1 in Translocations
  1911 | D:3      | Reached skill level 1 in Fire Magic
  1911 | D:3      | Reached skill level 1 in Ice Magic
  1911 | D:3      | Reached skill level 1 in Air Magic
  1911 | D:3      | Reached skill level 1 in Earth Magic
  1911 | D:3      | Reached skill level 1 in Poison Magic
  2432 | D:3      | Reached XP level 5. HP: 40/40 MP: 8/12
  2585 | D:4      | Noticed Duvessa
  2585 | D:4      | Noticed Dowan
  2624 | D:3      | Learned a level 3 spell: Spider Form
  3070 | D:4      | Killed Duvessa
  3071 | D:4      | Reached skill level 5 in Dodging
  3071 | D:4      | Reached XP level 6. HP: 15/47 MP: 12/14
  3074 | D:4      | Noticed Dowan
  3074 | D:4      | Dowan changed into Dowan the gnoll
  3081 | D:4      | Killed Dowan the gnoll
  3344 | D:4      | Found a staircase to the Ecumenical Temple.
  3354 | Temple   | Entered the Ecumenical Temple
  3519 | Temple   | Became a worshipper of Gozag Ym Sagoz the Greedy
  3788 | D:4      | Found a sparkling altar of Nemelex Xobeh.
  3827 | D:4      | Reached XP level 7. HP: 38/52 MP: 7/15
  3984 | D:4      | Noticed Edmund
  4006 | D:4      | Killed Edmund
  4007 | D:4      | Reached skill level 7 in Unarmed Combat
  4416 | D:4      | Noticed Menkaure
  4434 | D:4      | Killed Menkaure
  4518 | D:5      | Entered Level 5 of the Dungeon
  4587 | D:5      | Reached XP level 8. HP: 40/60 MP: 9/16
  4634 | D:4      | Learned a level 4 spell: Ice Form
  4896 | D:5      | Found a glowing drain.
  4900 | Sewer    | Entered a sewer
  4934 | Sewer    | Noticed Pargi
  4941 | Sewer    | Killed Pargi
  5322 | D:6      | Reached skill level 5 in Transmutations
  5322 | D:6      | Reached XP level 9. HP: 17/66 MP: 17/18
  5618 | D:6      | Learned a level 3 spell: Ignite Poison
  5622 | D:6      | Learned a level 3 spell: Mephitic Cloud
  5976 | D:6      | Reached skill level 5 in Fighting
  6373 | D:6      | Reached skill level 8 in Unarmed Combat
  6948 | D:7      | Noticed Harold
  6963 | D:7      | Reached skill level 5 in Invocations
  7339 | D:7      | Engulfed by a cloud of flame

Illustrated notes

Levels and vault maps discovered:
D:1:      roderic_crossed_star, layout_loops_ring
D:2:      minmay_chambers_of_ones, layout_basic, basic_altar,
          minmay_tetromino_i2
D:3:      layout_loops_ring, chequers_serial_rivers_small_b,
          kennysheep_generic_room_7
D:4:      layout_rooms, mainiacjoe_overflow_24_doors,
          minmay_temple_entry_mini_moons, uniq_menkaure, uniq_edmund,
          uniq_duvessa
D:5:      layout_rooms, serial_bayou, serial_bayou_shore_b, serial_bayou_ford_a,
          serial_bayou_pond_d, serial_bayou_pond_c, gup_sewer_entry_bowl
D:6:      layout_cave_pools, serial_gnoll_camp, gnoll_camp_mini_hut,
          gnoll_camp_mini_hut, gnoll_camp_mini_doghouse, gnoll_camp_mini_hut,
          gnoll_camp_mini_hut, grunt_ministairs_2
D:7:      layout_basic, serial_shops, nicolae_shop_behind_doors,
          nicolae_shop_bloodbath_and_beyond, nicolae_shop_trees,
          gammafunk_ghost_arena, uniq_harold
Temple:   mainiacjoe_temple_hex_bubbles

Skill      XL: |  1  2  3  4  5  6  7  8  9 |
---------------+----------------------------+-----
Spellcasting   | 5 6 |  6.9
Invocations    | 1 2 3 4 5 |  5.1
Short Blades   | 1 2 3 4 |  4.7
Long Blades    | 1 2 3 4 |  4.7
Axes           | 1 2 3 4 |  4.7
Maces & Flails | 1 2 3 4 |  4.7
Polearms       | 1 2 3 4 |  4.7
Staves         | 1 2 3 4 |  4.7
Slings         | 1 2 3 4 |  4.7
Bows           | 1 2 3 4 |  4.7
Crossbows      | 1 2 3 4 |  4.7
Throwing       | 1 2 3 4 |  4.7
Armour         | 1 2 3 4 |  4.7
Stealth        | 1 2 3 4 |  4.7
Shields        | 1 2 3 4 |  4.7
Evocations     | 1 2 3 4 |  4.7
Conjurations   | 1 2 3 |  3.9
Hexes          | 1 2 3 |  3.9
Summonings     | 1 2 3 |  3.9
Necromancy     | 1 2 3 |  3.9
Translocations | 1 2 3 |  3.9
Fire Magic     | 1 2 3 |  3.9
Ice Magic      | 1 2 3 |  3.9
Air Magic      | 1 2 3 |  3.9
Earth Magic    | 1 2 3 |  3.9
Poison Magic   | 1 2 3 |  3.9
Fighting       | 3 4 5 |  5.4
Transmutations | 4 5 |  5.5
Dodging        | 5 6 |  6.6
Unarmed Combat | 7 8 |  8.1

Action                   |  1- 3 |  4- 6 |  7- 9 || total
-------------------------+-------+-------+-------++-------
Melee: Unarmed           |    84 |   131 |   227 ||   442
       Kick              |     6 |     7 |       ||    13
       Headbutt          |     5 |     7 |       ||    12
       Punch             |     4 |     4 |     3 ||    11
       Bite              |     4 |     9 |     7 ||    20
Throw: Javelin           |       |       |     5 ||     5
 Cast: Beastly Appendage |    10 |    11 |     1 ||    22
       Wereblood         |     5 |    13 |    13 ||    31
       Spider Form       |       |     7 |    11 ||    18
       Ice Form          |       |       |    13 ||    13
       Mephitic Cloud    |       |       |    18 ||    18
       Ignite Poison     |       |       |    15 ||    15
 Abil: End Transformatio |       |       |     3 ||     3
Evoke: Wand              |       |     3 |       ||     3
  Use: Scroll            |     2 |     6 |     3 ||    11
       Potion            |       |     1 |     2 ||     3
 Stab: Sleeping          |       |       |     7 ||     7
       Distracted        |       |       |     2 ||     2
       Confused          |       |       |     2 ||     2
Armor: Robe              |    13 |    16 |    11 ||    40
       Skin              |       |       |    33 ||    33
Dodge: Dodged            |    50 |    85 |   150 ||   285
